 Dungeon Crawl Stone Soup version 0.31-a0-83-gbff143cfd1 (webtiles) character file.

Game seed: 4469342479146002053

1491 promet the Thaumaturge (level 8, -1/41 HPs)
             Began as a Deep Elf Fire Elementalist on May 24, 2023.
             Killed by divine providence
             ... invoked by an orc priest
              (15 damage)
             ... on level 6 of the Dungeon.
             The game lasted 00:39:06 (9572 turns).

promet the Thaumaturge (Deep Elf Fire Elementalist) Turns: 9572, Time: 00:39:07

Health: -1/41      AC:  4    Str:  7    XL:     8   Next: 51%
Magic:  20/23      EV: 13    Int: 21    God:
Gold:   307        SH:  0    Dex: 15    Spells: 19/25 levels left

rFire   . . .        a - +0 rapier
rCold   . . .        (no shield)
rNeg    . . .        c - +0 robe
rPois   .            (no helmet)
rElec   .            o - +1 cloak
rCorr   .            (no gloves)
SInv    .            (no boots)
Will    .....        (no amulet)
Stlth   ++           (no ring)
HPRegen 0.26/turn    (no ring)
MPRegen 0.18/turn

%: no passive effects
@: no status effects
A: no striking features
a: no special abilities


You were on level 6 of the Dungeon.
You visited 1 branch of the dungeon, and saw 6 of its levels.

You collected 307 gold pieces.

Inventory:

Hand Weapons
 a - a +0 rapier (weapon)
 i - a +0 flail
 n - a +0 short sword
 r - a +4 hand axe
 t - a +1 heavy hand axe
Missiles
 e - 42 stones
 m - 4 atropa-tipped darts
 s - 3 poisoned darts
Armour
 c - a +0 robe (worn)
 h - the +5 scale mail "Opogeata" {Int+2}
   (You found it on level 6 of the Dungeon)

   Int:       It affects your intelligence (+2).
 o - a +1 cloak (worn)
Jewellery
 q - a +5 ring of evasion
Wands
 p - a wand of paralysis (8)
Scrolls
 f - a scroll of magic mapping
 u - a scroll of summoning {unknown}
Potions
 b - a potion of magic
 d - a potion of haste
 g - a potion of might {unknown}
 j - 2 potions of heal wounds
 k - a potion of mutation
 l - 2 potions of curing


   Skills:
 + Level 0.2 Fighting
 + Level 1.2 Axes
 + Level 3.0 Dodging
 + Level 3.5 Stealth
 + Level 9.3 Spellcasting
 * Level 4.0 Conjurations
 + Level 2.7 Translocations
 + Level 7.2 Fire Magic


You had 19 spell levels left.
You knew the following spells:

 Your Spells              Type           Power      Damage    Failure   Level
a - Foxfire               Conj/Fire      100%       2x1d9     1%          1
b - Scorch                Fire           80%        2d8       1%          2
c - Volatile Blastmotes   Fire/Tloc      50%        2d14      4%          3

Your spell library contained the following spells:

 Spells                   Type           Power      Damage    Failure   Level
 Lesser Beckoning         Tloc           42%        N/A       3%          2
 Gell's Gravitas          Tloc           21%        N/A       7%          3
 Teleport Other           Tloc           21%        N/A       7%          3
 Inner Flame              Hex/Fire       20%        N/A       8%          3
 Flame Wave               Conj/Fire      28%        2d9       11%         4
 Sticky Flame             Conj/Fire      28%        2d5       11%         4
 Tukima's Dance           Hex            9%         N/A       21%         3
 Passage of Golubria      Tloc           21%        N/A       22%         4
 Summon Ice Beast         Ice/Summ       4%         N/A       73%         4
 Summon Mana Viper        Hex/Summ       4%         N/A       97%         5
 Yara's Violent Unravell  Hex/Tmut       2%         3d3       97%         5
 Monstrous Menagerie      Summ           4%         N/A       100%        7


Dungeon Overview and Level Annotations

Branches:
Dungeon (6/15)
 Temple: D:4-7

Altars:

Shops:
D:1 !   D:3 =   D:6 (

Annotations:
D:3 2 transporters, knightboat's ghost, amateur MfTm


Message History

You start putting on your armour.
You continue putting on the +5 scale mail "Opogeata" {Int+2}. x5
You finish putting on the +5 scale mail "Opogeata" {Int+2}.
You feel clever.
There is a stone staircase leading up here.
Casting: Volatile Blastmotes (quite dangerous; 45% risk of failure)
Confirm with . or Enter, or press ? or * to list all spells.
Okay, then.
Okay, then.
You start removing your armour.
You continue taking off the +5 scale mail "Opogeata" {Int+2}. x4
You finish taking off the +5 scale mail "Opogeata" {Int+2}.
You start putting on your armour.
You continue putting on your +0 robe. x5
You finish putting on your +0 robe.
You now have 307 gold pieces (gained 21).
Casting: Volatile Blastmotes (dangerous; 4% risk of failure)
Confirm with . or Enter, or press ? or * to list all spells.
You conjure some foxfire!
The orc shouts!
You hear a shout!
The foxfire hits the orc!
You kill the orc!
Your foxfire dissipates!
There is a stone staircase leading down here.
There is a stone staircase leading up here.
Casting: Foxfire (safe; 1% risk of failure)
Confirm with . or Enter, or press ? or * to list all spells.
A cloud of volatile blastmotes flares up around you!
The orc priest invokes the aid of Beogh against you.
Beogh smites you!
The orc priest calls down the wrath of Beogh upon you.
Beogh smites you!
The cloud of blastmotes explodes!
The concussive blast engulfs the orc priest!
The orc priest is severely wounded.
Casting: Volatile Blastmotes (dangerous; 4% risk of failure)
Confirm with . or Enter, or press ? or * to list all spells.
You conjure some foxfire!
The orc priest invokes the aid of Beogh against you.
Beogh smites you!
You die...

##ยง .. ... .# #.# .#
#o# .# #.# ########.#
......##.#
.>.......###############
#####..<..o....v@v......
####################


You could see an orc priest (ally target).

Vanquished Creatures
  A water moccasin (D:5)
  2 black bears
  An ogre (D:4)
  A phantom (D:3)
  A bullfrog (D:4)
  An elf skeleton (D:5)
  2 scorpions (D:4)
  A howler monkey (D:4)
  A jelly (D:5)
  A gnoll bouda (D:6)
  2 human zombies (D:5)
  7 hounds
  A sleepcap (D:5)
  2 iguanas
  Natasha (twice) (D:3)
  3 human skeletons (D:5)
  8 adders
  5 gnolls (D:6)
  An ufetubus (D:6)
  A worm (D:5)
  7 dart slugs
  18 orcs
  3 bats
  4 endoplasms
  2 giant cockroaches (D:4)
  6 hobgoblins
  6 jackals
  7 quokkas
  12 ball pythons
  A frilled lizard (D:2)
  6 goblins
  4 kobolds
  5 rats
125 creatures vanquished.

Vanquished Creatures (others)
  209 foxfires
209 creatures vanquished.

Grand Total: 334 creatures vanquished

Notes
Turn   | Place    | Note
-------+----------+-------------------------------------------
     0 | D:1      | promet the Deep Elf Fire Elementalist began the quest for
                  | the Orb.
     0 | D:1      | Reached XP level 1. HP: 10/10 MP: 6/6
   337 | D:1      | Found Nocky's Distillery.
   476 | D:1      | Reached XP level 2. HP: 15/15 MP: 4/8
   479 | D:1      | Learned a level 2 spell: Scorch
  1493 | D:2      | Reached XP level 3. HP: 19/19 MP: 6/10
  2113 | D:2      | Found a faded altar of an unknown god.
  2119 | D:2      | Reached skill level 4 in Spellcasting
  2293 | D:2      | Reached XP level 4. HP: 24/24 MP: 10/12
  2425 | D:3      | Noticed Natasha
  2429 | D:3      | Killed Natasha
  2593 | D:3      | Noticed a phantom
  2601 | D:3      | Killed a phantom
  2602 | D:3      | Reached skill level 5 in Spellcasting
  2602 | D:3      | Reached skill level 5 in Fire Magic
  2602 | D:3      | Reached XP level 5. HP: 24/28 MP: 7/14
  2676 | D:3      | Found a transporter.
  2680 | D:3      | Found a transporter.
  2682 | D:3      | Noticed knightboat's ghost (amateur MfTm)
  2686 | D:3      | Noticed Natasha
  2695 | D:3      | Killed Natasha
  3257 | D:3      | Learned a level 3 spell: Volatile Blastmotes
  3931 | D:3      | Found Plog's Jewellery Shop.
  3971 | D:3      | Reached XP level 6. HP: 32/32 MP: 12/16
  4137 | D:4      | Reached skill level 6 in Spellcasting
  4986 | D:4      | Reached skill level 1 in Translocations
  5053 | D:4      | Reached skill level 7 in Spellcasting
  5053 | D:4      | Reached XP level 7. HP: 24/36 MP: 7/19
  5068 | D:4      | Reached skill level 1 in Axes
  6138 | D:4      | Paralysed by a hobgoblin for 3 turns
  6144 | D:4      | Paralysed by a hobgoblin for 4 turns
  6469 | D:5      | Entered Level 5 of the Dungeon
  7221 | D:5      | Reached skill level 8 in Spellcasting
  7224 | D:5      | Reached XP level 8. HP: 35/41 MP: 4/22
  8481 | D:5      | Reached skill level 9 in Spellcasting
  8973 | D:6      | Found Archicw's Weapon Shoppe.
  9513 | D:6      | Identified the +5 scale mail "Opogeata" {Int+2}
  9572 | D:6      | Killed from afar by an orc priest

Illustrated notes

Levels and vault maps discovered:
D:1:      heliophobic_arrival_battle_scene, layout_basic, serial_shops,
          nicolae_shop_stone, minmay_misc_feat_x
D:2:      layout_loops_ring, nicolae_ecumenical_snake_handling,
          kennysheep_cluttered_room, kennysheep_cross_bottleneck
D:3:      layout_basic, serial_shops, shop, gammafunk_ghost_mausoleum,
          serial_curves, eino_curves_04, eino_curves_02,
          chequers_serial_rivers_marsh, uniq_natasha, uniq_crazy_yiuf_cottage
D:4:      dreamdust_elfheim, layout_rooms, hangedman_decor_peaks_small,
          nzn_random_ring
D:5:      layout_basic, nicolae_ossuary_entry_catacombs,
          minmay_fractal_squares_gapless_5
D:6:      minmay_general_purpose_star, layout_loops_ring, lemuel_tele_altar,
          minmay_temple_entry_wispy, serial_shops,
          nicolae_shop_bloodbath_and_beyond, shop, due_unseen_surprise

Skill      XL: |  1  2  3  4  5  6  7  8 |
---------------+-------------------------+-----
Fire Magic     | 4 5 6 7 |  7.2
Spellcasting   | 4 5 7 8 9 |  9.3
Stealth        | 3 |  3.5
Conjurations   | 2 4 |  4.0
Translocations | 1 2 |  2.7
Axes           | 1 |  1.2
Dodging        | 3 |  3.0
Fighting       | |  0.2

Action                     |  1- 3 |  4- 6 |  7- 9 || total
---------------------------+-------+-------+-------++-------
  Melee: Club              |     1 |       |       ||     1
         Short sword       |       |     2 |       ||     2
         Hand axe          |       |     1 |    11 ||    12
         Rapier            |       |       |     2 ||     2
   Cast: Foxfire           |    46 |    37 |    46 ||   129
         Scorch            |     2 |    35 |    58 ||    95
         Volatile Blastmot |       |     5 |     8 ||    13
    Use: Scroll            |     3 |     6 |     5 ||    14
         Potion            |       |     1 |       ||     1
   Stab: Sleeping          |       |     1 |     1 ||     2
 Armour: Robe              |       |     3 |    14 ||    17
  Dodge: Dodged            |     4 |    14 |    48 ||    66

Table legend: (Time is in decaauts)
 A = Elapsed time spent in this place.
 B = Non-inter-level travel time spent in this place.
 C = Inter-level travel time spent in this place.
 D = Time resting spent in this place.
 E = Time spent auto-exploring this place.
 F = Levels seen in this place.
 G = Mean time per level.
                   A        B        C        D        E       F      G
               +--------+--------+--------+--------+--------+-----+--------+
         Total |   9594 |   9365 |    229 |   4432 |   1813 |   6 | 1599.0 |
       Dungeon |   9594 |   9365 |    229 |   4432 |   1813 |   6 | 1599.0 |
               +--------+--------+--------+--------+--------+-----+--------+

Top non-repeatable levels by time:
     D:5: 2679 daAuts
     D:4: 2254 daAuts
     D:3: 1855 daAuts
     D:1: 1409 daAuts
     D:2: 969 daAuts
     D:6: 426 daAuts
